 Dungeon Crawl Stone Soup version 0.30-a0-824-g6c64550be9 (webtiles) character file.

Game seed: 1975926352728722261

4 Esekla the Sneak (level 1, 16/16 HPs)
             Began as an Octopode Delver on Feb 28, 2023.
             Quit the game in the Ecumenical Temple.
             The game lasted 00:01:54 (119 turns).

Esekla the Sneak (Octopode Delver)                   Turns: 119, Time: 00:01:55

Health: 16/16      AC:  1    Str: 11    XL:     1   Next: 60%
Magic:  1/1        EV: 13    Int: 12    God:
Gold:   10         SH:  0    Dex: 13    Spells: 0/0 levels left

rFire   . . .      SeeInvis .    a - +0 falchion
rCold   . . .      Faith    .    (no shield)
rNeg    . . .      Spirit   .    (helmet restricted)
rPois   .          Reflect  .    (no amulet)
rElec   .          Harm     .    (no ring)
rCorr   .          Rampage  .    (no ring)
Will    .....                    (no ring)
Stlth   ++++                     (no ring)
HPRegen 0.22/turn                (no ring)
MPRegen 0.07/turn                (no ring)
                                 (no ring)
                                 (no ring)

@: no status effects
A: almost no armour, amphibious, 8 rings, camouflage 1, gelatinous body 1,
(nimble swimmer 1), tentacles
a: no special abilities


You were in the Ecumenical Temple.
You visited 2 branches of the dungeon, and saw 2 of its levels.

You collected 10 gold pieces.

Inventory:

Hand Weapons
 a - a +0 falchion (weapon)
 h - a +0 dagger
Wands
 c - a wand of mindburst (22)
 f - a wand of digging (3)
Scrolls
 b - a scroll of fog
 d - a scroll of fear
 g - a scroll of brand weapon {unknown}
Potions
 e - a potion of haste


   Skills:
 * Level 3.0 Fighting
 * Level 2.0 Long Blades
 * Level 2.0 Dodging
 + Level 6.7 Stealth
 * Level 0.1 Spellcasting


You couldn't memorise any spells.
You didn't know any spells.
Your spell library was empty.

Dungeon Overview and Level Annotations

Branches:
Dungeon (5/15)             Temple (1/1) D:5

Altars:
Ashenzari
Cheibriados
Dithmenos
Elyvilon
Fedhas
Hepliaklqana
Kikubaaqudgha
Nemelex Xobeh
Qazlal
Ru
Sif Muna
Trog
Vehumet
Xom
Yredelemnul


Innate Abilities, Weirdness & Mutations

You cannot wear most types of armour.
You are amphibious.
You can wear up to eight rings at the same time.
Your skin changes colour to match your surroundings (Stealth+).
Your rubbery body absorbs attacks. (AC +1, EV +1)
((You are camouflaged when in or above water. (Stealth+)))
You have tentacles for arms and can constrict up to eight enemies at once.


Message History

Found a stone staircase leading down.
Found a ring mail.
You see here a +0 ring mail.
An orc comes into view. It is wielding a +0 dagger.
The orc shouts!
You hear a shout! x2
An orc comes into view. It is wielding a +0 dagger.
Found 10 gold pieces.
Found an escape hatch in the floor.
A worm comes into view.
The orc hits you with a +0 dagger.
You completely miss the orc. You grab the orc. You constrict the orc.
The orc struggles to escape constriction.
You hit the orc.
The orc is moderately wounded.
You constrict the orc.
The orc escapes!
You closely miss the orc. You grab the orc. You squeeze the orc.
You kill the orc!
The orc misses you.
You hit the orc. You grab the orc. You squeeze the orc.
You kill the orc!
You see here a +0 dagger.
h - a +0 dagger An orc wizard and an orc come into view.
Things that are here:
a +0 dagger; an orc corpse
There is an escape hatch in the floor here.
The worm bites the plant.
The plant begins to die.
You now have 10 gold pieces.
There are no items here.
A nearby plant withers and dies.
Found a staircase to the Ecumenical Temple.
A dart slug comes into view.
Found a stone staircase leading down.
An iguana comes into view.
Found a spear.
There is a staircase to the Ecumenical Temple here.
The iguana hisses angrily.
You climb downwards.
Welcome to the Ecumenical Temple!
Found fifteen altars.
There is a staircase back to the Dungeon here.
Are you sure you want to abandon this character and quit the game? (Confirm with "yes".)

☼.○.☼.○○○○○○○..
○○○○○○○○○○.○○☼○
○.○.○○○.○.○○○☼☼
○○○_._._._._○○.
○.○.........☼○○
.○○_......._☼○☼
☼○○.........☼○○
○○○_...@..._○☼.
○○○.........○○○
○○○........_○☼.
○○○.........○○☼
.○._._._._._☼○○
.☼○○○☼○○○.○.○○○


○○☼☼○○○○○○○○○☼○ .○○○○.○.○○○○○.○ There were no monsters in sight!

Vanquished Creatures
  2 orcs (D:5)
2 creatures vanquished.

Vanquished Creatures (others)
  A plant (D:5)
1 creature vanquished.

Grand Total: 3 creatures vanquished

Notes
Turn   | Place    | Note
-------+----------+-------------------------------------------
     0 | D:5      | Esekla the Octopode Delver began the quest for the Orb.
     0 | D:5      | Reached XP level 1. HP: 16/16 MP: 1/1
    92 | D:5      | Noticed an orc wizard
   104 | D:5      | Found a staircase to the Ecumenical Temple.
   108 | D:5      | Noticed an iguana
   118 | Temple   | Entered the Ecumenical Temple
   119 | Temple   | Quit the game

Illustrated notes

Levels and vault maps discovered:
D:5:      layout_basic, minmay_temple_entry_gardened_gates,
          minmay_misc_feat_columns
Temple:   minmay_freezing_vapour_temple

Action                     || total
---------------------------++-------
  Melee: Falchion          ||     4
         Constrict         ||     3
         Tentacles         ||     2
    Use: Scroll            ||     1
  Dodge: Dodged            ||     1

Table legend: (Time is in decaauts)
 A = Elapsed time spent in this place.
 B = Non-inter-level travel time spent in this place.
 C = Inter-level travel time spent in this place.
 D = Time resting spent in this place.
 E = Time spent auto-exploring this place.
 F = Levels seen in this place.
 G = Mean time per level.
                   A        B        C        D        E       F      G
               +--------+--------+--------+--------+--------+-----+--------+
         Total |    119 |    119 |      0 |      0 |      0 |   2 |   59.5 |
       Dungeon |    118 |    118 |      0 |      0 |      0 |   1 |  118.0 |
        Temple |      0 |      0 |      0 |      0 |      0 |   1 |    0.0 |
               +--------+--------+--------+--------+--------+-----+--------+

Top non-repeatable levels by time:
     D:5: 118 daAuts
  Temple: 0 daAuts
